 Dungeon Crawl Stone Soup version 0.18.1-6-gd335043 (webtiles) character file.

23 stauk the Magician (level 3, 0/19 HPs)
             Began as a Kobold Wizard on May 17, 2016.
             Slain by a worm (7 damage)
             ... on level 2 of the Dungeon.
             The game lasted 00:30:17 (2506 turns).

stauk the Magician (Kobold Wizard)                  Turns: 2506, Time: 00:30:17

Health: 0/19       AC:  4    Str:  5    XL:     3   Next: 12%
Magic:  1/8        EV: 15    Int: 17    God:
Gold:   98         SH:  0    Dex: 14    Spells: 4 memorised, 0 levels left

rFire  . . .     SeeInvis .     f - +0 dagger
rCold  . . .     Gourm    .     a - +0 robe
rNeg   . . .     Faith    .     (shield restricted)
rPois  .         Spirit   .     b - +0 hat
rElec  .         Dismiss  +     k - +0 cloak
rCorr  .         Reflect  .     n - +0 pair of gloves
SustAt .         Harm     .     (no boots)
MR     .....                    s - amulet of dismissal
Stlth  ++........               (no ring)
                                (no ring)

@: very slightly contaminated, not resistant to hostile enchantments, unstealthy
A: carnivore 3
a: no special abilities


You were on level 2 of the Dungeon.
You were full.

You visited 1 branch of the dungeon, and saw 2 of its levels.

You collected 98 gold pieces.

Inventory:

Hand Weapons
 f - a +0 dagger (weapon)
 h - a +0 short sword
 j - a +0 whip
 t - a +0 spear
 y - a +0 hunting sling
Missiles
 g - 62 stones (quivered)
 i - 49 sling bullets
Armour
 a - a +0 robe (worn)
 b - a +0 hat (worn)
 k - a +0 cloak (worn)
 n - a +0 pair of gloves (worn)
 r - a +0 ring mail
 u - a +0 ring mail
Jewellery
 s - an amulet of dismissal (around neck)
 w - a +3 ring of intelligence {unknown}
Scrolls
 e - 3 scrolls of teleportation {unknown}
 m - a scroll of identify {unknown}
 v - a scroll of remove curse {unknown}
Potions
 l - a potion of lignification {unknown}
 o - 2 potions of might {unknown}
 z - a potion of mutation {unknown}
Books
 c - a book of Minor Magic

   Spells                             Type                      Level
   a - Magic Dart                     Conjuration                  1
   b - Blink                          Translocation                2
   c - Call Imp                       Summoning                    2
   d - Repel Missiles                 Charms/Air                   2
   e - Slow                           Hexes                        2
   f - Conjure Flame                  Conjuration/Fire             3
   g - Mephitic Cloud                 Conjuration/Poison/Air       3
Comestibles
 d - 4 meat rations
 p - a bread ration
 q - a royal jelly


   Skills:
 - Level 2.4 Dodging
 - Level 2.6 Stealth
 * Level 3.9 Spellcasting
 - Level 0.8 Conjurations
 - Level 1.0 Summonings
   Level 1.0 Translocations


You couldn't memorise any spells.
You knew the following spells:

 Your Spells              Type           Power        Failure   Level  Hunger
a - Magic Dart            Conj           #...         14%         1    None
b - Call Imp              Summ           #.......     21%         2    ##.....
c - Mephitic Cloud        Conj/Pois/Air  #.......     47%         3    ###....
d - Conjure Flame         Conj/Fire      #.......     47%         3    ###....


Dungeon Overview and Level Annotations

Branches:
Dungeon (2/15)

Altars:


Innate Abilities, Weirdness & Mutations

You are small and have problems with some larger weapons.
You are carnivorous and can eat meat at any time.


Message History

The worm misses you.
You hit the worm.
The worm is heavily wounded.
The worm bites you.
You hit the worm.
The worm is severely wounded.
You hit the worm but do no damage.
The worm is severely wounded.
The worm bites you.
You barely miss the worm.
The worm is severely wounded.
Casting: Magic Dart
Confirm with . or Enter, or press ? or * to list all spells.
Aiming: Magic Dart
Press: ? - help, Shift-Dir - straight line, f/p - worm
Aim: a worm (severely wounded)
The magic dart hits the worm.
The worm is severely wounded.
The worm bites you!
You die...

#############
#...........###########
#.#########.#..........
#.#......##.#.#........
#.#.####.##.#.#........
#.#...@#.##.#.#........
#.###w.#.##.#.#########
#.#...........#########
#.#.#.......#.........#
#.#..>.................
#.#...........####....#
#.#...................#
#.#.....##########...<.
#.#.....## #...##


You could see a worm.

Vanquished Creatures
  2 giant geckos
  3 bats
  3 goblins
  2 hobgoblins
  A giant newt (D:1)
  2 kobolds
  A rat (D:1)
14 creatures vanquished.

Vanquished Creatures (collateral kills)
  An adder (D:1)
  A giant cockroach (D:1)
  2 jackals (D:1)
4 creatures vanquished.

Grand Total: 18 creatures vanquished

Notes
Turn   | Place    | Note
--------------------------------------------------------------
     0 | D:1      | stauk the Kobold Wizard began the quest for the Orb.
     0 | D:1      | Reached XP level 1. HP: 10/10 MP: 4/4
   561 | D:1      | Reached XP level 2. HP: 15/15 MP: 0/6
   625 | D:1      | Learned a level 2 spell: Call Imp
  1813 | D:1      | Reached XP level 3. HP: 8/19 MP: 4/8
  2003 | D:1      | Learned a level 3 spell: Mephitic Cloud
  2007 | D:1      | Learned a level 3 spell: Conjure Flame
  2506 | D:2      | Slain by a worm

Action                   || total
-------------------------++-------
Melee: Dagger            ||    14
Throw: Stone             ||     1
 Cast: Magic Dart        ||    41
       Call Imp          ||     4
 Stab: Sleeping          ||     1
  Eat: Chunk             ||    10
Armor: Robe              ||     8
Dodge: Dodged            ||    20
